 Dungeon Sprint DCSS version 0.31-a0-486-g8d68a81214 (webtiles) character file.

Game seed: 4276779636793913903

93 rocky1 the Covert (level 4, 0/23 HPs)
             Began as a Vine Stalker Brigand on Aug 8, 2023.
             Succumbed to a scorpion's poison
             ... in the Dungeon (Sprint IV: "Fedhas' Mad Dash").
             The game lasted 00:00:41 (240 turns).

rocky1 the Covert (Vine Stalker Brigand)             Turns: 240, Time: 00:00:41

Health: 0/23       AC:  3    Str: 14    XL:     4   Next: 62%
Magic:  1/5        EV: 12    Int: 11    God:
Gold:   0          SH:  0    Dex: 17    Spells: 3/3 levels left

rFire   . . .        a - +2 dagger
rCold   . . .        (no shield)
rNeg    . . .        b - +0 robe
rPois   .            (no helmet)
rElec   .            c - +0 cloak
rCorr   .            (no gloves)
SInv    .            (no boots)
Will    .....        (no amulet)
Stlth   +++++        (no ring)
HPRegen 1.03/turn    (no ring)
MPRegen 0.09/turn

%: no teleportation, guardian spirit
@: lethally poisoned (0 -> 0), on berserk cooldown, slowed, very slow
A: fangs 2, regeneration 1, magic shield, antimagic bite, no potion heal 2
a: no special abilities


You were in the Dungeon.
You visited 1 branch

Inventory:

Hand Weapons
 a - a +2 dagger (weapon)
Missiles
 d - 9 poisoned darts (quivered)
 e - 3 curare-tipped darts
Armour
 b - a +0 robe (worn)
 c - a +0 cloak (worn)
Scrolls
 j - a scroll of blinking
Potions
 g - a potion of haste
 h - 2 potions of magic


   Skills:
 + Level 2.7 Fighting
 + Level 2.6 Short Blades
 + Level 2.5 Throwing
 + Level 1.1 Dodging
 * Level 11.1 Stealth


You had 3 spell levels left.
You didn't know any spells.
Your spell library was empty.

Dungeon Overview and Level Annotations

Branches:
Dungeon (1/1)

Altars:


Innate Abilities, Weirdness & Mutations

You have extremely sharp teeth.
Your natural rate of healing is unusually fast.
When hurt, damage is shared between your health and your magic reserves.
Your bite disrupts and absorbs the magic of your enemies.
Potions cannot restore your health.


Message History

You are lethally poisoned!
The scorpion poisons you!
A red film seems to cover your vision as you go berserk!
You feel yourself moving faster!
You feel mighty!
* * * LOW HITPOINT WARNING * * *
You feel very sick.
The scorpion stings you but does no damage.
The scorpion stings you.
* * * LOW HITPOINT WARNING * * *
You puncture the scorpion!
The scorpion is almost dead.
* * * LOW HITPOINT WARNING * * *
You feel sick.
You barely miss the scorpion. Your bite misses the scorpion.
The scorpion is almost dead.
* * * LOW HITPOINT WARNING * * *
You feel sick.
The scorpion stings you but does no damage.
You hit the scorpion.
You kill the scorpion!
* * * LOW HITPOINT WARNING * * *
You feel sick.
Your Dodging skill increases to level 1!
Your Stealth skill gained 3 levels and is now at level 11!
You have reached level 4!
You feel stronger.
You begin to heal more quickly.
Unknown command.
You start resting.
* * * LOW HITPOINT WARNING * * *
You feel sick.
You start resting.
You feel a strong urge to attack something.
* * * LOW HITPOINT WARNING * * *
You feel sick.
You start resting.
You are no longer berserk.
You are exhausted.
You feel yourself slow down.
You die...

##################
#<..รท#.....#.$@$$#
#PP..'.(...'.#$:.+
#PPPP#.....#.#"..#
###############+##


There were no monsters in sight!

Vanquished Creatures
  A scorpion (D)
  An oklob sapling (D)
  A river rat (D)
  A rat (D)
4 creatures vanquished.

Notes
Turn   | Place    | Note
-------+----------+-------------------------------------------
     0 | D        | rocky1 the Vine Stalker Brigand began the quest for the
                  | Orb.
     0 | D        | Reached XP level 1. HP: 11/11 MP: 2/2
    13 | D        | Reached skill level 5 in Stealth
    20 | D        | Reached skill level 6 in Stealth
    20 | D        | Reached XP level 2. HP: 15/15 MP: 3/3
   122 | D        | Noticed an oklob sapling
   124 | D        | Killed an oklob sapling
   125 | D        | Reached skill level 8 in Stealth
   125 | D        | Reached XP level 3. HP: 19/19 MP: 4/4
   227 | D        | Noticed a scorpion
   227 | D        | Found the amulet of invisibility {+Inv}
   237 | D        | Killed a scorpion
   237 | D        | HP: 1/28 [poisoned by a scorpion]
   238 | D        | Reached skill level 1 in Dodging
   238 | D        | Reached skill level 11 in Stealth
   238 | D        | Gained mutation: Your natural rate of healing is unusually
                  | fast. [Vine Stalker growth]
   238 | D        | Reached XP level 4. HP: 2/23 MP: 1/5
   240 | D        | Succumbed to a scorpion's poison

Illustrated notes

Levels and vault maps discovered:
D:        dungeon_sprint_fedhas [sprint_temple]

Skill      XL: |  1  2  3 |
---------------+----------+-----
Stealth        | 6 8 11 | 11.1
Fighting       | 2 |  2.7
Short Blades   | 2 |  2.6
Throwing       | 2 |  2.5
Dodging        | 1 |  1.1

Action                     |  1- 3 |  4- 6 || total
---------------------------+-------+-------++-------
  Melee: Dagger            |    11 |       ||    11
         Bite              |     3 |       ||     3
    Use: Potion            |     2 |       ||     2
   Stab: Sleeping          |     2 |       ||     2
 Armour: Robe              |     2 |       ||     2
  Dodge: Dodged            |     1 |       ||     1

Table legend: (Time is in decaauts)
 A = Elapsed time spent in this place.
 B = Non-inter-level travel time spent in this place.
 C = Inter-level travel time spent in this place.
 D = Time resting spent in this place.
 E = Time spent auto-exploring this place.
 F = Levels seen in this place.
 G = Mean time per level.
                   A        B        C        D        E       F      G
               +--------+--------+--------+--------+--------+-----+--------+
         Total |    237 |    237 |      0 |    200 |      0 |   1 |  237.0 |
       Dungeon |    237 |    237 |      0 |    200 |      0 |   1 |  237.0 |
               +--------+--------+--------+--------+--------+-----+--------+

Top non-repeatable levels by time:
       D: 237 daAuts
